 Dungeon Crawl Stone Soup version 0.18-a0-1654-ge73a678 (webtiles) character file.

9329 Magnus the Covert (level 11, 0/64 HPs)
             Began as a Deep Elf Enchanter on Mar 29, 2016.
             Was an Elder of Dithmenos.
             Shot with an arrow by a centaur warrior (9 damage)
             ... on level 10 of the Dungeon on Mar 30, 2016.
             The game lasted 01:38:15 (13372 turns).

Magnus the Covert (Deep Elf Enchanter)             Turns: 13372, Time: 01:38:16

Health: 0/64       AC: 10    Str:  5    XL:     11   Next: 21%
Magic:  28/28      EV: 18    Int: 23    God:    Dithmenos [****..]
Gold:   599        SH:  0    Dex: 16    Spells: 5 memorised, 20 levels left

rFire  + . .     SeeInvis .     u - +2 dagger (elec)
rCold  + . .     Gourm    .     r - +2 robe {rC+ rF+}
rNeg   . . .     Faith    .     (no shield)
rPois  +         Spirit   .     (no helmet)
rElec  .         Dismiss  .     J - +2 cloak
rCorr  .         Reflect  .     (no gloves)
SustAt .         Harm     .     (no boots)
MR     +....                    (no amulet)
Stlth  ++++++++..               L - ring of poison resistance
                                j - +3 ring of protection

@: wreathed by umbra, somewhat resistant to hostile enchantments,
extraordinarily stealthy
A: no striking features
a: Shadow Step, Renounce Religion


You were on level 10 of the Dungeon.
You worshipped Dithmenos.
Dithmenos was greatly pleased with you.
You were hungry.

You visited 1 branch of the dungeon, and saw 10 of its levels.
You also visited: Sewer.

You collected 599 gold pieces.

Inventory:

Hand Weapons
 g - a +2 dagger of venom
 u - a +2 dagger of electrocution (weapon)
 z - a +4 short sword
 E - a +4 dagger
 U - a cursed +1 short sword
Missiles
 t - a throwing net (quivered)
Armour
 r - a +2 robe of resistance (worn)
 B - the +0 leather armour of Naclaum {rPois MP+9}
   (You found it on level 8 of the Dungeon)

   It protects you from poison.
   It affects your magic capacity (+9).
 J - a +2 cloak (worn)
 O - a +2 leather armour of cold resistance
Rods
 F - a +0 rod of shadows (11/11)
   (You found it on level 8 of the Dungeon)
Jewellery
 j - a +3 ring of protection (left hand)
 o - an uncursed ring of protection from magic
 v - an uncursed ring of see invisible
 y - an uncursed ring of protection from magic
 L - a ring of poison resistance (right hand)
 R - an uncursed ring of protection from fire {unknown}
Wands
 K - a wand of hasting (2/9)
 N - a wand of teleportation (6/9)
 T - a wand of enslavement (12/24)
Scrolls
 a - 7 scrolls of remove curse
 e - 4 scrolls of teleportation
 f - 5 scrolls of identify
 q - a scroll of fear
 C - a scroll of magic mapping
 G - 3 scrolls of amnesia
 H - a scroll of enchant armour
Potions
 b - 3 potions of flight {unknown}
 h - 5 potions of cure mutation
 i - a potion of might {unknown}
 k - a potion of berserk rage {unknown}
 l - 11 potions of curing
 n - a potion of magic {unknown}
 p - a potion of resistance {unknown}
 s - 5 potions of heal wounds {unknown}
 D - a potion of brilliance {unknown}
 M - 2 potions of haste {unknown}
 P - 3 potions of agility
 S - a potion of lignification {unknown}
Books
 c - a book of Maledictions

   Spells                             Type                      Level
   a - Corona                         Hexes                        1
   b - Ensorcelled Hibernation        Hexes/Ice                    2
   c - Confuse                        Hexes                        3
   d - Tukima's Dance                 Hexes                        3
   e - Dazzling Spray                 Conjuration/Hexes            3
 I - a book of the Earth

   Spells                             Type                      Level
   a - Leda's Liquefaction            Hexes/Earth                  4
   b - Bolt of Magma                  Conjuration/Fire/Earth       5
   c - Statue Form                    Transmutation/Earth          6
   d - Iron Shot                      Conjuration/Earth            6
   e - Shatter                        Earth                        9
 Q - a book of Geomancy

   Spells                             Type                      Level
   a - Sandblast                      Earth                        1
   b - Passwall                       Transmutation/Earth          2
   c - Stone Arrow                    Conjuration/Earth            3
   d - Petrify                        Transmutation/Earth          4
   e - Lee's Rapid Deconstruction     Earth                        5
Comestibles
 d - 13 bread rations
 m - 9 slices of pizza
 w - 2 royal jellies
 x - 4 beef jerkies
 A - 2 meat rations


   Skills:
 + Level 5.4 Fighting
 + Level 6.9 Short Blades
 + Level 8.8 Dodging
 + Level 12.8 Stealth
 + Level 11.4 Spellcasting
 - Level 4.0 Hexes


You had 20 spell levels left.
You knew the following spells:

 Your Spells              Type           Power        Failure   Level  Hunger
a - Corona                Hex            ####...      1%          1    None
b - Ensorcelled Hibernat  Hex/Ice        ###...       3%          2    None
c - Confuse               Hex            ####....     3%          3    None
d - Dazzling Spray        Conj/Hex       ###.....     10%         3    None
e - Tukima's Dance        Hex            ####....     3%          3    None


Dungeon Overview and Level Annotations

Branches:
Dungeon (10/15)            Temple (0/1) D:4            Lair (0/8) D:10
    Orc (0/2) D:10

Altars:
Dithmenos
Elyvilon
Nemelex Xobeh
Okawaru
Pakellas
Sif Muna
Trog
Vehumet
Xom
Zin

Shops:
D:5 %   D:7 *


Message History

Dithmenos accepts your kill.
A jelly comes into view.
A yak comes into view. 2 yaks come into view.
The yak bellows! 2 yaks come into view.
A centaur warrior comes into view.
A yak comes into view.
The centaur warrior wields a shortbow.
The centaur warrior shoots an arrow.
The arrow hits you!
The electric eel shoots out a bolt of lightning at you!
The bolt of electricity hits you!
The electric eel shoots out a bolt of lightning at you!
The bolt of electricity hits you!
You are feeling hungry.
The centaur warrior shoots an arrow.
The arrow hits you!!
* * * LOW HITPOINT WARNING * * *
You see here an arrow.
The centaur warrior shoots an arrow.
The arrow hits you!
You die...

...
#.#.#............#.
###
#.#...##.###..#.....
. ..#..#...........#
##
#.#..............#
#...........#....#
###...##....#.<..#
#......'....####'#
########..........
.........@.####.
#######..(.# #....#
#....# . #....# .
#...c####### #
.######'###Y.....# #
...............<.#
.....≈≈...)..)...+


You could see a centaur warrior and a yak.

Vanquished Creatures
  The ghost of epen the Cleaver, a novice DsBe of Trog (D:10)
  A hill giant (D:10)
  The ghost of Herrn the Skirmisher, a novice VSFi (D:5)
  A two-headed ogre (D:9)
  Prince Ribbit (D:5)
  5 yaks (D:10)
  A hippogriff (D:8)
  A hog (D:7)
  A human (D:7)
  The ghost of nago the Poker, an amateur DrSk (D:4)
  3 wargs (D:10)
  2 hungry ghosts
  2 steam dragons (D:9)
  A water moccasin (D:8)
  3 ice beasts
  2 orc warriors
  Duvessa (D:6)
  2 phantoms
  A black bear (D:7)
  A sky beast (D:10)
  7 ogres
  A centaur (D:10)
  A crocodile (D:10)
  5 big kobolds
  3 giant frogs
  A wyvern zombie (D:10)
  Dowan (D:6)
  4 scorpions
  8 wights
  26 killer bees
  5 crimson imps
  3 hounds
  3 jellies
  2 quasits
  A centaur skeleton (D:4)
  5 orc priests
  A giant frog skeleton (D:7)
  4 iguanas
  8 orc wizards
  8 worker ants
  3 sheep (D:7)
  A hound skeleton (D:4)
  2 worker ant zombies
  7 gnolls
  16 adders
  3 shadow imps
  5 oozes
  2 adder zombies
  An adder skeleton (D:7)
  15 worms
  A dart slug (D:3)
  7 giant geckos
  27 orcs
  8 ball pythons
  4 bats
  7 giant cockroaches
  7 goblins
  4 hobgoblins
  2 jackals (D:7)
  18 kobolds
  4 quokkas
  2 giant gecko skeletons (D:4)
  4 giant newts
  2 quokka skeletons
  10 rats
291 creatures vanquished.

Notes
Turn   | Place    | Note
--------------------------------------------------------------
     0 | D:1      | Magnus the Deep Elf Enchanter began the quest for the Orb.
     0 | D:1      | Reached XP level 1. HP: 10/10 MP: 6/6
   517 | D:1      | Reached skill level 4 in Stealth
   732 | D:1      | Reached XP level 2. HP: 15/15 MP: 8/8
  1454 | D:2      | Learned a level 2 spell: Ensorcelled Hibernation
  1480 | D:2      | Reached XP level 3. HP: 19/19 MP: 7/10
  1489 | D:2      | Found a faded altar to an unknown god.
  1861 | D:2      | Noticed a moth of wrath
  1864 | D:2      | Found a bloodstained altar of Trog.
  1968 | D:2      | Reached XP level 4. HP: 24/24 MP: 1/12
  2065 | D:2      | Found an oddly glowing altar of Pakellas.
  2400 | D:3      | Reached skill level 5 in Stealth
  3266 | D:4      | Reached XP level 5. HP: 18/28 MP: 14/14
  3346 | D:4      | Reached skill level 5 in Spellcasting
  3353 | D:4      | Noticed nago's ghost (amateur DrSk)
  3584 | D:4      | Reached skill level 6 in Stealth
  3586 | D:4      | Found a glowing silver altar of Zin.
  3619 | D:4      | Found a shadowy altar of Dithmenos.
  3622 | D:4      | Noticed an ogre
  3625 | D:4      | Killed an ogre
  3625 | D:4      | Reached XP level 6. HP: 32/32 MP: 14/16
  3628 | D:4      | Became a worshipper of Dithmenos the Shadowed
  3639 | D:4      | Found a staircase to the Ecumenical Temple.
  3800 | D:4      | Reached skill level 7 in Stealth
  4031 | D:3      | Learned a level 3 spell: Confuse
  4035 | D:3      | Learned a level 3 spell: Dazzling Spray
  4039 | D:3      | Learned a level 3 spell: Tukima's Dance
  4290 | D:4      | Reached XP level 7. HP: 28/36 MP: 16/19
  4613 | D:4      | Killed nago's ghost
  4613 | D:4      | Reached skill level 8 in Stealth
  4867 | D:5      | Entered Level 5 of the Dungeon
  4920 | D:5      | Noticed Herrn's ghost (novice VSFi)
  5221 | D:5      | Noticed Prince Ribbit
  5249 | D:5      | Killed Prince Ribbit
  5517 | D:5      | Reached skill level 9 in Stealth
  5544 | D:5      | Reached XP level 8. HP: 41/41 MP: 22/22
  5986 | D:5      | Killed Herrn's ghost
  5986 | D:5      | Reached skill level 10 in Stealth
  6058 | D:5      | Found an iron altar of Okawaru.
  6194 | D:5      | Found Saffor's Food Emporium.
  6239 | D:5      | Reached skill level 10 in Spellcasting
  6428 | D:6      | Found a deep blue altar of Sif Muna.
  6496 | D:6      | Found a glowing drain.
  6510 | Sewer    | Entered a sewer
  6787 | Sewer    | Reached * piety under Dithmenos
  6787 | Sewer    | Reached skill level 1 in Fighting
  7371 | D:6      | Noticed Duvessa
  7372 | D:6      | Noticed Dowan
  7640 | D:7      | Reached ** piety under Dithmenos
  7737 | D:7      | Reached XP level 9. HP: 22/48 MP: 20/25
  8054 | D:7      | Reached skill level 11 in Stealth
  8179 | D:7      | Reached skill level 5 in Dodging
  8437 | D:7      | Found Neehiaci's General Store.
  9758 | D:6      | Killed Dowan
  9778 | D:6      | Killed Duvessa
  9870 | D:6      | Reached skill level 5 in Short Blades
  9870 | D:6      | Reached XP level 10. HP: 50/56 MP: 23/26
  9908 | D:7      | Found a radiant altar of Vehumet.
  9924 | D:7      | Reached *** piety under Dithmenos
 10119 | D:7      | Upgraded the game from 0.18-a0-1649-g8d9735b to 0.18-a0-1654-ge73a678
 10217 | D:8      | Got a heavily runed leather armour
 10513 | D:8      | Identified the +0 leather armour of Naclaum {rPois MP+9} (You found it on level 8 of the Dungeon)
 10559 | D:8      | Found a sparkling altar of Nemelex Xobeh.
 11007 | D:9      | Reached skill level 12 in Stealth
 11537 | D:9      | Found a white marble altar of Elyvilon.
 11543 | D:9      | Found a shimmering altar of Xom.
 11766 | D:9      | Reached **** piety under Dithmenos
 12146 | D:10     | Entered Level 10 of the Dungeon
 12243 | D:10     | Noticed a hill giant
 12246 | D:10     | Killed a hill giant
 12292 | D:10     | Found a staircase to the Orcish Mines.
 12293 | D:10     | Reached skill level 5 in Fighting
 12634 | D:10     | Reached XP level 11. HP: 63/63 MP: 22/28
 12872 | D:10     | Found a staircase to the Lair.
 13032 | D:10     | Found an oddly glowing altar of Pakellas.
 13081 | D:10     | Noticed epen's ghost (novice DsBe)
 13144 | D:10     | Killed epen's ghost
 13359 | D:10     | Noticed a centaur warrior
 13372 | D:10     | Shot with an arrow by a centaur warrior

Vault maps used:
D:1:      minmay_arrival_stone_box
D:2:      lemuel_upstairs_altar, lemuel_round_altar, tgw_trog,
          ecumenical_altar_2, minivault_27
D:4:      lemuel_coloured_pillars_altar, temple_pool_b, first_bread,
          grunt_dithmenos_smoke_and_mirrors
D:5:      kennysheep_big_flooded_room, kennysheep_okawaru_gauntlet,
          serial_shops, nicolae_shop_stone, uniq_prince_ribbit1
D:6:      lemuel_blue_sif_altar, portal_sewer_entry_f, uniq_duvessa
D:7:      serial_shops, shop, grunt_livestock, vehumet_altar_wand_db
D:8:      nemelex_xobeh_ov_fountains_minmay
D:9:      minitemple
D:10:     erik_lair_orcish_takeover, johnstein_pakellas_death_squad
Sewer:    sewer_co_tree

Skill      XL: |  1  2  3  4  5  6  7  8  9 10 |
---------------+-------------------------------+-----
Stealth        | 4 5 6 7 9 10 11 12 | 12.8
Spellcasting   | 4 5 7 8 10 11 | 11.4
Short Blades   | 2 3 5 6 |  6.9
Fighting       | 1 3 5 |  5.4
Dodging        | 4 6 8 |  8.8
Hexes          | |  4.0

Action                   |  1- 3 |  4- 6 |  7- 9 | 10-12 || total
-------------------------+-------+-------+-------+-------++-------
Melee: Dagger            |   110 |    83 |   275 |   299 ||   767
 Cast: Ensorcelled Hiber |    10 |    13 |   126 |    56 ||   205
       Corona            |     1 |       |       |       ||     1
       Confuse           |       |     5 |    27 |    15 ||    47
       Dazzling Spray    |       |       |       |     1 ||     1
  Use: Scroll            |       |     8 |     3 |     7 ||    18
       Potion            |       |       |     1 |       ||     1
 Stab: Sleeping          |    14 |    26 |    78 |    59 ||   177
       Distracted        |       |     1 |       |     1 ||     2
       Confused          |       |     2 |    13 |     7 ||    22
       Invisible         |       |       |       |     2 ||     2
  Eat: Chunk             |     3 |     7 |    14 |    12 ||    36
       Meat ration       |       |       |     1 |       ||     1
